 Dungeon Crawl Stone Soup version 0.29-a0-334-gb41bcbb86e (webtiles) character file.

Game seed: 4578259649012328181

252 zishaf the Chiller (level 6, -1/47 HPs)
             Began as a Barachi Ice Elementalist on Apr 13, 2022.
             Was a Follower of the Shining One.
             Slain by Crazy Yiuf
             ... wielding a +3 quarterstaff of chaos
              (10 damage)
             ... on level 2 of the Dungeon.
             The game lasted 00:03:49 (2225 turns).

zishaf the Chiller (Barachi Ice Elementalist)       Turns: 2225, Time: 00:03:50

Health: -1/47      AC:  3    Str:  9    XL:     6   Next: 13%
Magic:  5/10       EV: 12    Int: 17    God:    the Shining One [*.....]
Gold:   98         SH:  0    Dex: 13    Spells: 4/11 levels left

rFire   . . .      SeeInvis .   j - +0 short sword (holy)
rCold   . . .      Faith    .   (no shield)
rNeg    . . .      Spirit   .   a - +0 robe
rPois   .          Reflect  .   o - +0 helmet
rElec   .          Harm     .   (no cloak)
rCorr   +          Rampage  .   (no gloves)
Will    .....                   (no boots)
Stlth   +.........              (no amulet)
HPRegen 0.15/turn               f - ring of resist corrosion
MPRegen 0.12/turn               (no ring)

@: lethally poisoned (-1 -> -10), freezing walls, glowing, slow
A: amphibious, slowness 1, strong legs 1, +LOS
a: Hop, Renounce Religion, Divine Shield


You were on level 2 of the Dungeon.
You worshipped the Shining One.
The Shining One was aware of your devotion.
You visited 1 branch of the dungeon, and saw 2 of its levels.

You collected 98 gold pieces.

Inventory:

Hand Weapons
 j - a +0 short sword of holy wrath (weapon)
Armour
 a - a +0 robe (worn)
 o - a +0 helmet (worn)
Jewellery
 f - a ring of resist corrosion (left hand)
Scrolls
 c - a scroll of vulnerability {unknown}
 d - a scroll of identify {unknown}
 h - a scroll of teleportation {unknown}
 i - a scroll of immolation {unknown}
 k - a scroll of torment {unknown}
 l - 2 scrolls of holy word {unknown}
 m - a scroll of silence {unknown}
 n - a scroll of fog {unknown}
Potions
 b - 2 potions of magic
 e - 2 potions of curing {unknown}
 g - a potion of attraction {unknown}


   Skills:
 + Level 3.4 Fighting
 - Level 2.2 Dodging
 - Level 1.8 Stealth
 - Level 3.0 Spellcasting
 * Level 7.3 Ice Magic


You had 4 spell levels left.
You knew the following spells:

 Your Spells              Type           Power      Damage    Failure   Level
a - Freeze                Ice            100%       1d11      1%          1
b - Frozen Ramparts       Ice            54%        1d7       2%          3
c - Ozocubu's Armour      Ice            27%        N/A       2%          3

Your spell library contained the following spells:

 Spells                   Type           Power      Damage    Failure   Level
 Hailstorm                Conj/Ice       15%        3d5       36%         4
 Summon Lightning Spire   Summ/Air       2%         N/A       86%         4
 Storm Form               Tmut/Air       1%         N/A       100%        7
 Maxwell's Capacitive Co  Air            1%         ∞         100%        8


Dungeon Overview and Level Annotations

Branches:
Dungeon (2/15)

Altars:
Makhleb
The Shining One

Shops:
D:1 (

Annotations:
D:2 Crazy Yiuf


Innate Abilities, Weirdness & Mutations

You are amphibious.
You cover ground slowly.
You can hop short distances.
You have an extended range of vision and can be seen from far away.


Message History

There is an open door here.
There is a stone staircase leading down here.
There is an open door here.
Found a mace.
You see here a +0 mace.
Found a mace.
Found a runed translucent door.
Crazy Yiuf shouts!
You open the door.
Casting: Freeze (safe; 1% risk of failure)
Confirm with . or Enter, or press ? or * to list all spells.
Casting: Frozen Ramparts (dangerous; 2% risk of failure)
Press: ? - help, Dir - look around, f - activate This square is lit by a halo.
The walls around you are covered in ice.
The wall freezes Crazy Yiuf.
Crazy Yiuf hits you with a +3 quarterstaff of chaos!
You are poisoned.
Casting: Frozen Ramparts (dangerous; 2% risk of failure)
Confirm with . or Enter, or press ? or * to list all spells.
Aiming: Freeze (safe; 1% risk of failure)
Press: ? - help, Shift-Dir - straight line, f - Crazy Yiuf
Aim: Crazy Yiuf, wielding a +3 quarterstaff of chaos and wearing a +0 cloak (lightly wounded, haloed)
You freeze Crazy Yiuf.
Crazy Yiuf is lightly wounded.
You feel very sick.
The wall freezes Crazy Yiuf.
Crazy Yiuf hits you with a +3 quarterstaff of chaos.
You are electrocuted!!
* * * LOW HITPOINT WARNING * * *
Casting: Freeze (safe; 1% risk of failure)
Confirm with . or Enter, or press ? or * to list all spells.
Aiming: Freeze (safe; 1% risk of failure)
Press: ? - help, Shift-Dir - straight line, f/p - Crazy Yiuf
Aim: Crazy Yiuf, wielding a +3 quarterstaff of chaos and wearing a +0 cloak (moderately wounded, haloed)
You freeze Crazy Yiuf!
Crazy Yiuf is severely wounded.
* * * LOW HITPOINT WARNING * * *
You feel sick.
The wall freezes Crazy Yiuf.
Crazy Yiuf hits you with a +3 quarterstaff of chaos!
You die...

...'...'..>..........#
#.#
####...###############
#.# .# #...##### #.#
.# #...'...# ##### #.#
.###...##### #..)# #.#
.##........# #...#
####.# ###........#
... #....# #
#........# #g# ######
# #........# ##@#
###.....)..# #.##
#.+........# ##.#
#.#........# #.##
#.#.......)# ##.##
#.#........# #..P##
#..........# #.PP.#
###...#.#+## #....#
......#...# #....#


You could see Crazy Yiuf.

Vanquished Creatures
  Sigmund (D:2)
  Robin (D:2)
  2 adders (D:2)
  3 dart slugs
  2 ball pythons
  4 endoplasms
  2 giant cockroaches
  9 goblins
  8 hobgoblins
  A quokka (D:2)
  6 bats
  A frilled lizard (D:1)
  4 kobolds
  2 rats (D:1)
46 creatures vanquished.

Notes
Turn   | Place    | Note
-------+----------+-------------------------------------------
     0 | D:1      | zishaf the Barachi Ice Elementalist began the quest for the
                  | Orb.
     0 | D:1      | Reached XP level 1. HP: 13/13 MP: 3/3
   133 | D:1      | Reached skill level 5 in Ice Magic
   217 | D:1      | Found a faded altar of an unknown god.
   232 | D:1      | Reached XP level 2. HP: 20/20 MP: 0/5
   333 | D:1      | Found Qobawk's Weapon Boutique.
   346 | D:1      | Prayed at the altar of an unknown god.
   346 | D:1      | Became a worshipper of the Shining One
   346 | D:1      | Reached * piety under the Shining One
   565 | D:1      | Reached skill level 1 in Fighting
   686 | D:1      | Reached XP level 3. HP: 26/26 MP: 3/6
   690 | D:1      | Learned a level 3 spell: Frozen Ramparts
   694 | D:1      | Learned a level 3 spell: Ozocubu's Armour
  1356 | D:2      | Found a burning altar of Makhleb.
  1493 | D:2      | Noticed Robin
  1502 | D:2      | Killed Robin
  1503 | D:2      | Reached XP level 4. HP: 31/33 MP: 2/8
  1567 | D:2      | Noticed Sigmund
  1577 | D:2      | Killed Sigmund
  1578 | D:2      | Reached skill level 7 in Ice Magic
  1578 | D:2      | Reached XP level 5. HP: 28/41 MP: 3/9
  1578 | D:2      | Reached XP level 6. HP: 32/47 MP: 3/10
  2218 | D:2      | Found a runed translucent door.
  2219 | D:2      | Noticed Crazy Yiuf
  2225 | D:2      | Slain by Crazy Yiuf

Illustrated notes

Levels and vault maps discovered:
D:1:      elethiomel_arrival_quiet, layout_basic,
          hellmonk_ecumenical_altar_pennies_from_heaven, serial_shops,
          nicolae_shop_behind_doors, minmay_strange_pillars,
          hangedman_decor_growths
D:2:      layout_basic, basic_altar, uniq_sigmund, uniq_robin,
          uniq_crazy_yiuf_cottage

Skill      XL: |  1  2  3  4 |
---------------+-------------+-----
Ice Magic      | 5 7 |  7.3
Fighting       | 1 3 |  3.4
Spellcasting   | 3 |  3.0
Dodging        | |  2.2
Stealth        | |  1.8

Action                   |  1- 3 |  4- 6 || total
-------------------------+-------+-------++-------
Melee: Unarmed           |    20 |       ||    20
       Short sword       |    11 |     1 ||    12
 Cast: Freeze            |    44 |    19 ||    63
       Frozen Ramparts   |     1 |     1 ||     2
 Abil: Hop               |     2 |       ||     2
Armor: Robe              |    23 |     3 ||    26
Dodge: Dodged            |    54 |    13 ||    67

Table legend: (Time is in decaauts)
 A = Elapsed time spent in this place.
 B = Non-inter-level travel time spent in this place.
 C = Inter-level travel time spent in this place.
 D = Time resting spent in this place.
 E = Time spent auto-exploring this place.
 F = Levels seen in this place.
 G = Mean time per level.
                   A        B        C        D        E       F      G
               +--------+--------+--------+--------+--------+-----+--------+
         Total |   2458 |   2434 |     24 |     21 |   2072 |   2 | 1229.0 |
       Dungeon |   2458 |   2434 |     24 |     21 |   2072 |   2 | 1229.0 |
               +--------+--------+--------+--------+--------+-----+--------+

Top non-repeatable levels by time:
     D:2: 1265 daAuts
     D:1: 1192 daAuts
